 Dungeon Crawl Stone Soup version 0.26-a0-652-gafc20e3620 (webtiles) character file.

Game seed: 10873389583853876322

9718 DogServant the Apostle (level 11, -1/90 HPs)
             Began as a Hill Orc Monk on Oct 4, 2020.
             Was a High Priest of Beogh.
             Killed from afar by an electric eel (6 damage)
             ... with a bolt of electricity
             ... on level 1 of the Lair of Beasts.
             The game lasted 00:23:05 (15924 turns).

DogServant the Apostle (Hill Orc Monk)             Turns: 15924, Time: 00:23:07

Health: -1/90      AC: 16    Str: 18    XL:     11   Next: 50%
Magic:  0/21       EV:  8    Int: 10    God:    Beogh [*****.]
Gold:   1227       SH:  0    Dex: 13    Spells: 10/10 levels left

rFire    . . .     SeeInvis .   j - +2 war axe (vamp)
rCold    . . .     Faith    .   (no shield)
rNeg     . . .     Spirit   +   z - +0 chain mail
rPois    +         Reflect  .   i - +2 hat
rElec    .         Harm     .   B - +0 cloak
rCorr    +         Rampage  .   (no gloves)
MR       .....                  t - +0 pair of boots
Stlth    ..........             l - amulet of guardian spirit
HPRegen  0.25/turn              y - ring of poison resistance
MPRegen  0.17/turn              A - ring of resist corrosion

@: studying Short Blades
A: walk on water
a: Smiting, Recall Orcish Followers, Give Item to Named Follower, Renounce
Religion


You were on level 1 of the Lair of Beasts.
You worshipped Beogh.
Beogh was extremely pleased with you.
You visited 3 branches of the dungeon, and saw 13 of its levels.

You collected 1227 gold pieces.

Inventory:

Hand Weapons
 j - a +2 vampiric war axe (weapon)
Armour
 i - a +2 hat (worn)
 t - a +0 pair of boots (worn)
 z - a +0 chain mail (worn)
 B - a +0 cloak (worn)
Jewellery
 e - an uncursed amulet of the acrobat
 l - an amulet of guardian spirit (around neck)
 u - an uncursed ring of ice
 w - a +6 ring of intelligence
 y - a ring of poison resistance (left hand)
 A - a ring of resist corrosion (right hand)
Wands
 q - a wand of random effects (52)
 C - a wand of paralysis (6)
 I - a wand of acid (2)
Scrolls
 a - 4 scrolls of identify
 c - 5 scrolls of amnesia
 h - 4 scrolls of teleportation
 k - 9 scrolls of remove curse
 n - a scroll of random uselessness
 p - a scroll of magic mapping
 r - 2 scrolls of blinking
 E - a scroll of fear
 K - a scroll of noise {unknown}
Potions
 b - 3 potions of cancellation
 d - a potion of stabbing
 f - a potion of resistance
 g - a potion of mutation
 m - a potion of might
 o - 7 potions of brilliance
 s - 2 potions of magic
 v - a potion of curing {unknown}
 x - 4 potions of invisibility
 D - a potion of haste
 F - a potion of berserk rage {unknown}
 G - a potion of heal wounds
 J - a potion of lignification {unknown}
 L - a potion of flight {unknown}
Books
 H - a manual of Short Blades


   Skills:
 - Level 6.3 Fighting
 + Level 12.4 Axes
 + Level 9.6 Armour
 - Level 2.4 Dodging
 - Level 1.5 Stealth
 * Level 14.2 Invocations


You had 10 spell levels left.
You didn't know any spells.
Your spell library contained the following spells:

 Spells                   Type           Power        Failure   Level
 Animate Skeleton         Necr           #.....       98%         1
 Pain                     Necr           #...         98%         1
 Sandblast                Erth           #.....       98%         1
 Passwall                 Tmut/Erth      #.......     99%         2
 Confusing Touch          Hex            #.......     100%        3
 Gell's Gravitas          Tloc           #.........   100%        3
 Stone Arrow              Conj/Erth      #.....       100%        3
 Vampiric Draining        Necr           #.........   100%        3
 Animate Dead             Necr           #.........   100%        4
 Petrify                  Tmut/Erth      #.......     100%        4
 Agony                    Necr           #.......     100%        5
 Lee's Rapid Deconstruct  Erth           #.........   100%        5
 Metabolic Englaciation   Hex/Ice        #.........   100%        5
 Yara's Violent Unravell  Hex/Tmut       #.........   100%        5


Dungeon Overview and Level Annotations

Branches:
Dungeon (11/15)            Temple (1/1) D:4            Lair (1/6) D:9
    Orc (0/2) D:11

Altars:
Cheibriados
Dithmenos
Elyvilon
Fedhas
Kikubaaqudgha
Makhleb
Nemelex Xobeh
Qazlal
Ru
Uskayaw
Vehumet
Wu Jian
Xom
Zin
The Shining One

Annotations:
D:10 exclusion: oklob sapling


Message History

The electric eel shoots out a bolt of lightning at you!
The bolt of electricity hits you! The bolt of electricity hits you.
You miss the electric eel.
The electric eel is heavily wounded.
You hit the electric eel.
The electric eel is severely wounded.
The electric eel shoots out a bolt of lightning at you!
The bolt of electricity hits you!
* * * LOW HITPOINT WARNING * * *
The bolt of electricity hits you!
* * * LOW HITPOINT WARNING * * *
You miss the electric eel.
The electric eel is severely wounded.
You miss the electric eel.
The electric eel is severely wounded.
The electric eel shoots out a bolt of lightning at you!
The bolt of electricity hits you!
* * * LOW HITPOINT WARNING * * *
The bolt of electricity hits you.
You die...

##### ##≈≈≈#
#≈≈≈.# #≈≈<.#
#####.
#≈≈(.##......
#≈≈........≈≈
#≈≈..†...≈≈≈#
##≈≈.@.P≈≈###
##≈≈;≈≈≈##
##≈≈#### ####


You could see an electric eel.

Vanquished Creatures
  A two-headed ogre (D:9)
  An unseen horror (D:10)
  A black mamba (Lair:1)
  2 trolls (D:10)
  A steam dragon (D:8)
  Menkaure (D:4)
  2 wargs (D:9)
  A water moccasin (D:9)
  An ice beast (D:7)
  2 necrophages (D:9)
  7 ogres
  A phantom (D:5)
  5 centaurs
  A crocodile (D:11)
  7 bullfrogs
  A big kobold (D:9)
  3 scorpions
  6 killer bees (D:11)
  4 wights (D:8)
  2 howler monkeys (D:10)
  A bullfrog zombie (D:8)
  2 jellies
  7 hounds
  A quasit (D:7)
  3 bullfrog skeletons
  4 orc priests
  3 orc wizards
  2 centaur skeletons
  An iron imp (D:6)
  7 worker ants
  A hound zombie (D:5)
  A worker ant zombie (D:6)
  3 gnolls (D:10)
  11 adders
  2 white imps
  2 ufetubi
  3 oozes (D:3)
  An adder skeleton (D:5)
  7 worms
  4 dart slugs
  4 leopard geckos
  14 orcs
  7 ball pythons
  3 giant cockroaches
  11 goblins
  7 hobgoblins
  13 jackals
  5 quokkas
  7 bats
  4 frilled lizards
  A jackal zombie (D:5)
  12 kobolds
  13 rats
217 creatures vanquished.

Vanquished Creatures (collateral kills)
  Josephine (D:11)
  2 manticores
  An ugly thing (D:11)
  Joseph (D:9)
  A centaur skeleton (D:11)
  A troll (D:10)
  4 yaks (D:11)
  3 wraiths (D:11)
  A warg (D:9)
  A water moccasin (D:10)
  2 orc warriors
  A phantom (D:8)
  5 centaurs
  2 big kobolds
  2 bullfrogs (D:10)
  A wyvern skeleton (D:10)
  A jelly (D:11)
  A quasit (D:10)
  A gnoll shaman (D:10)
  2 orc priests
  2 worker ants
  A worker ant zombie (D:9)
  2 adders
  An orc (D:11)
  A ball python (D:10)
  5 kobolds (D:9)
46 creatures vanquished.

Vanquished Creatures (others)
  2 orc priests
  6 orcs
  A leopard gecko skeleton (D:4)
  A fungus (Lair:1)
  11 plants
21 creatures vanquished.

Grand Total: 284 creatures vanquished

Notes
Turn   | Place    | Note
-------+----------+-------------------------------------------
     0 | D:1      | DogServant the Hill Orc Monk began the quest for the Orb.
     0 | D:1      | Reached XP level 1. HP: 19/19 MP: 1/1
   203 | D:1      | Reached XP level 2. HP: 27/27 MP: 2/2
   781 | D:2      | Reached XP level 3. HP: 33/33 MP: 3/3
  1205 | D:2      | Found an ornate altar of the Wu Jian Council.
  1213 | D:2      | Reached skill level 5 in Axes
  1330 | D:2      | Reached XP level 4. HP: 30/41 MP: 4/4
  1556 | D:2      | Found an ancient bone altar of Kikubaaqudgha.
  1879 | D:3      | Reached skill level 5 in Fighting
  1955 | D:3      | Reached skill level 1 in Armour
  2089 | D:3      | You fall into a shaft and drop 1 floor!
  2098 | D:4      | Found a staircase to the Ecumenical Temple.
  2785 | D:4      | Reached XP level 5. HP: 41/48 MP: 5/5
  2846 | D:4      | Noticed an ogre
  2846 | D:4      | Noticed an ogre
  4078 | D:4      | HP: 2/49 [ogre/+0 giant spiked club (27)]
  4490 | D:4      | Found a white marble altar of Elyvilon.
  4511 | D:4      | Became a worshipper of Beogh the Brigand
  4511 | D:4      | Reached * piety under Beogh
  4511 | D:4      | Reached ** piety under Beogh
  4533 | D:4      | Reached XP level 6. HP: 50/57 MP: 6/6
  4582 | D:4      | Identified the +1 ring mail of Qoatarghy {Int+5 Dex-2}
  4611 | Temple   | Entered the Ecumenical Temple
  4975 | D:4      | Noticed Menkaure
  5288 | D:4      | Found a radiant altar of Vehumet.
  5352 | D:4      | Found a sparkling altar of Nemelex Xobeh.
  5358 | D:4      | Reached XP level 7. HP: 60/64 MP: 7/7
  5397 | D:4      | Killed Menkaure
  5397 | D:4      | Reached skill level 2 in Invocations
  5616 | D:5      | Entered Level 5 of the Dungeon
  5665 | D:5      | Reached skill level 3 in Invocations
  6061 | D:5      | Found a sacrificial altar of Ru.
  6084 | D:5      | Reached skill level 4 in Invocations
  6088 | D:5      | Reached *** piety under Beogh
  6546 | D:5      | Reached XP level 8. HP: 52/71 MP: 11/11
  6775 | D:6      | Found a shimmering altar of Xom.
  6783 | D:6      | Reached skill level 5 in Invocations
  7274 | D:6      | Reached skill level 5 in Armour
  7274 | D:6      | Reached skill level 6 in Invocations
  7500 | D:6      | Found a snail-covered altar of Cheibriados.
  7591 | D:6      | Reached skill level 7 in Invocations
  8496 | D:7      | Reached XP level 9. HP: 62/77 MP: 14/14
  8588 | D:7      | Reached skill level 8 in Invocations
  8967 | D:7      | Found a shadowy altar of Dithmenos.
  8967 | D:7      | Found a glowing golden altar of the Shining One.
  8972 | D:7      | Found a blossoming altar of Fedhas.
  8974 | D:7      | Found a hide-covered altar of Uskayaw.
  8976 | D:7      | Found a burning altar of Makhleb.
  9022 | D:8      | Reached skill level 9 in Invocations
  9501 | D:8      | Reached **** piety under Beogh
  9584 | D:8      | Reached skill level 10 in Axes
  9584 | D:8      | Reached skill level 10 in Invocations
 10048 | D:8      | Found a sparkling altar of Nemelex Xobeh.
 10328 | D:9      | Noticed a two-headed ogre
 10345 | D:9      | Killed a two-headed ogre
 10345 | D:9      | Reached XP level 10. HP: 41/84 MP: 16/18
 10390 | D:9      | Reached skill level 11 in Invocations
 10515 | D:9      | Found a staircase to the Lair.
 10683 | D:9      | Noticed a manticore
 10690 | D:9      | Killed a manticore
 10930 | D:9      | Gained Morbeogh as an ally
 11589 | D:9      | Noticed Joseph
 11599 | D:9      | Killed Joseph
 11599 | D:9      | Reached skill level 12 in Invocations
 11919 | D:4      | Found a staircase to the Ecumenical Temple.
 11934 | D:4      | Found a sparkling altar of Nemelex Xobeh.
 12251 | D:4      | Found a radiant altar of Vehumet.
 12438 | D:4      | Found a white marble altar of Elyvilon.
 12550 | D:4      | Found a staircase to the Ecumenical Temple.
 12561 | D:4      | Found a white marble altar of Elyvilon.
 12669 | D:4      | Found a sparkling altar of Nemelex Xobeh.
 13066 | D:4      | Found a radiant altar of Vehumet.
 14088 | D:10     | Entered Level 10 of the Dungeon
 14601 | D:10     | Killed an unseen horror
 14601 | D:10     | Reached skill level 13 in Invocations
 14727 | D:10     | Reached XP level 11. HP: 88/90 MP: 20/20
 14790 | D:10     | Noticed a manticore
 14796 | D:10     | Killed a manticore
 15022 | D:11     | Reached ***** piety under Beogh
 15040 | D:11     | Noticed a green ugly thing
 15050 | D:11     | Killed a green ugly thing
 15110 | D:11     | Gained Milork as an ally
 15276 | D:11     | Found a staircase to the Orcish Mines.
 15298 | D:11     | Noticed Josephine
 15316 | D:11     | Killed Josephine
 15316 | D:11     | Reached skill level 14 in Invocations
 15900 | Lair:1   | Entered Level 1 of the Lair of Beasts
 15909 | Lair:1   | Your ally Morbeogh died
 15924 | Lair:1   | Killed from afar by an electric eel

Illustrated notes

Levels and vault maps discovered:
D:1:      nzn_arrival_water_spiral, layout_loops_ring
D:2:      layout_rooms, overflow_temple_1_default, lemuel_crystal_altar
D:3:      minmay_razor_zed, layout_basic, grunt_ministairs_10
D:4:      minmay_polygon_palace, layout_basic, kennysheep_little_box,
          elyvilon_altar_5, nemelex_xobeh_ov_fountains_minmay,
          minmay_temple_entry_glass, st_stairs_11,
          minmay_fractal_squares_diagonal_5, uniq_menkaure
D:5:      layout_layer_cave, nicolae_ru_the_path_less_chosen
D:6:      layout_layer_cave, xom_butterflies, slow_altar_1, grunt_tough_drop
D:7:      layout_rooms, chequers_temple_overflow_minitemple
D:8:      layout_loops_corners, nemelex_lonely_heart_becter
D:9:      layout_irregular_city, erik_lair_orcish_takeover, uniq_joseph
D:10:     layout_roguey, introduction_to_nature_2
D:11:     layout_small_grid, orc_0_dummy, uniq_josephine
Temple:   compressed_dpeg_triangle_lava_temple
Lair:1:   layout_gridlike, cheibrodos_lair_caveside_slide,
          chequers_serial_rivers_small_a, lemuel_fruit_tree

Skill      XL: |  1  2  3  4  5  6  7  8  9 10 11 |
---------------+----------------------------------+-----
Fighting       | 4 5 6 |  6.3
Axes           | 5 6 7 9 10 11 12 | 12.4
Armour         | 1 2 3 4 5 7 8 9 |  9.6
Invocations    | 4 7 10 13 14 | 14.2
Dodging        | |  2.4
Stealth        | |  1.5

Action                   |  1- 3 |  4- 6 |  7- 9 | 10-12 || total
-------------------------+-------+-------+-------+-------++-------
Melee: Hand axe          |   123 |   244 |       |       ||   367
       War axe           |       |    35 |   290 |   239 ||   564
Invok: Convert to Beogh  |       |     1 |       |       ||     1
       Smiting           |       |       |     1 |     3 ||     4
       Recall Orcish Fol |       |       |     1 |     2 ||     3
Evoke: Wand              |       |       |     2 |     1 ||     3
  Use: Scroll            |     3 |    12 |     9 |       ||    24
       Potion            |       |       |     1 |     1 ||     2
 Stab: Sleeping          |     5 |       |       |       ||     5
       Distracted        |       |       |       |     2 ||     2
Armor: Robe              |    18 |       |       |       ||    18
       Ring mail         |       |    78 |       |       ||    78
       Chain mail        |       |    70 |   146 |   180 ||   396
Dodge: Dodged            |    94 |   130 |   167 |   172 ||   563

Table legend: (Time is in decaauts)
 A = Elapsed time spent in this place.
 B = Non-inter-level travel time spent in this place.
 C = Inter-level travel time spent in this place.
 D = Time resting spent in this place.
 E = Time spent auto-exploring this place.
 F = Levels seen in this place.
 G = Mean time per level.
                   A        B        C        D        E       F      G
               +--------+--------+--------+--------+--------+-----+--------+
         Total |  15974 |  15140 |    834 |   3339 |   9758 |  13 | 1228.8 |
       Dungeon |  15712 |  14878 |    834 |   3108 |   9758 |  11 | 1428.4 |
        Temple |    240 |    240 |      0 |    231 |      0 |   1 |  240.0 |
          Lair |     21 |     21 |      0 |      0 |      0 |   1 |   21.0 |
               +--------+--------+--------+--------+--------+-----+--------+

Top non-repeatable levels by time:
     D:4: 3074 daAuts
     D:3: 2544 daAuts
     D:6: 1637 daAuts
     D:9: 1528 daAuts
     D:8: 1370 daAuts
     D:5: 1187 daAuts
     D:2: 1098 daAuts
    D:10: 904 daAuts
    D:11: 863 daAuts
     D:1: 788 daAuts
     D:7: 714 daAuts
  Temple: 240 daAuts
  Lair:1: 21 daAuts
